 Dungeon Crawl Stone Soup version 0.17-a0-1504-gb7d9117 (webtiles) character file.

7445 Fluffy the Fighter (level 10, -11/83 HPs)
             Began as a Demonspawn Gladiator on July 5, 2015.
             Was a Priest of Makhleb.
             Mangled by a hill giant
             ... wielding a +0 giant club
              (23 damage)
             ... on level 10 of the Dungeon on July 7, 2015.
             The game lasted 00:29:41 (11809 turns).

Fluffy the Fighter (Demonspawn Gladiator)          Turns: 11809, Time: 00:29:41

Health: -11/83     AC: 16    Str: 18    XL:     10   Next: 93%
Magic:  0/15       EV: 15    Int: 10    God:    Makhleb [***...]
Gold:   554        SH:  0    Dex: 19    Spells: 0 memorised, 9 levels left

rFire  + . .     SeeInvis .     f - +2 short sword (elec)
rCold  . . .     Clarity  .     y - +0 plate armour
rNeg   . . .     SustAt   .     (no shield)
rPois  +         Gourm    .     c - +0 helmet
rElec  .         Spirit   +     w - +0 cloak
rCorr  .         Warding  .     (no gloves)
rMut   .         Stasis   .     (no boots)
MR     .....                    q - amulet of guardian spirit
Stlth  ..........               E - ring of poison resistance
                                p - ring of protection from fire

@: agile, not resistant to hostile enchantments, extremely unstealthy
A: claws 1, foul stench 1, powered by pain 1, rot immunity
a: Minor Destruction, Lesser Servant of Makhleb, Renounce Religion


You were on level 10 of the Dungeon.
You worshipped Makhleb.
Makhleb was most pleased with you.
You were very hungry.

You visited 2 branches of the dungeon, and saw 11 of its levels.

You collected 671 gold pieces.
You spent 117 gold pieces at shops.

Inventory:

Hand weapons
 f - a +2 short sword of electrocution (weapon)
Armour
 c - a +0 helmet (worn)
 k - the +1 robe of Sapeyrust {+Fly rC++ Stlth+}
   (You found it on level 5 of the Dungeon)

   It greatly protects you from cold.
   It lets you fly.
   It makes you more stealthy.
 w - a +0 cloak (worn)
 y - a +0 plate armour (worn)
Jewellery
 m - an uncursed ring of ice
 p - a ring of protection from fire (left claw)
 q - an amulet of guardian spirit (around neck)
 v - an uncursed ring of see invisible
 E - a ring of poison resistance (right claw)
 L - an uncursed amulet of stasis
Magical devices
 B - a wand of fire (0)
 G - a wand of draining (6)
 I - a wand of confusion (16)
 J - a wand of frost (32)
 M - a wand of magic darts (0)
Scrolls
 o - 4 scrolls of enchant weapon
 t - 5 scrolls of remove curse
 x - 2 scrolls of teleportation
 F - 2 scrolls of recharging
 H - 3 scrolls of amnesia
Potions
 a - 2 potions of berserk rage
 b - a potion of might
 g - 2 potions of cancellation
 h - a potion of mutation {unknown}
 i - 3 potions of invisibility
 r - 2 potions of poison {unknown}
 s - 4 potions of haste
 u - a potion of agility {unknown}
 z - 5 potions of curing {unknown}
 A - 2 potions of brilliance {unknown}
 O - a potion of heal wounds {unknown}
Books
 D - a book of Enchantments

   Spells                             Type                      Level
   a - Cause Fear                     Hexes                        4
   b - Silence                        Hexes/Air                    5
   c - Deflect Missiles               Charms/Air                   6
   d - Haste                          Charms                       6
   e - Discord                        Hexes                        8
Miscellaneous
 C - a phial of floods
Comestibles
 e - 10 bread rations
 j - 4 meat rations
 l - 5 beef jerkies
 n - 5 fruits
 N - a slice of pizza


   Skills:
 + Level 9.1 Fighting
   Level 5.2 Long Blades
 - Level 1.7 Throwing
 + Level 8.0 Armour
 + Level 8.1 Dodging
 + Level 7.9 Invocations


You had 9 spell levels left.
You didn't know any spells.

Dungeon Overview and Level Annotations

Branches:
Dungeon (10/15)            Temple (1/1) D:6            Lair (0/8) D:10
    Orc (0/4) D:9

Altars:
Ashenzari
Cheibriados
Dithmenos
Elyvilon
Fedhas
Gozag
Kikubaaqudgha
Makhleb
Nemelex Xobeh
Okawaru
Qazlal
Ru
Sif Muna
Trog
Vehumet
Xom
Yredelemnul
Zin
The Shining One

Shops:
D:5 =*[


Innate Abilities, Weirdness & Mutations

You have sharp fingernails.
You may emit foul miasma when damaged in melee.
You sometimes gain a little power by taking damage.
You are immune to rotting.


Message History

* * * LOW HITPOINT WARNING * * *
The hill giant looks sick.
The hill giant is engulfed in dark miasma.
The hill giant looks even sicker.
The hill giant looks more healthy.
You hit the hill giant.
The hill giant is severely wounded.
The hill giant hits you with a giant club!!
* * * LOW HITPOINT WARNING * * *
You focus on the pain.
You feel agile all of a sudden.
You see here a troll hide.
Throwing (i - inventory):
d - a throwing net (quivered)
Press: ? - help, Shift-Dir - straight line, f/p - hill giant
Aim: a hill giant, wielding a giant club (severely wounded, sick)
You throw a throwing net. The throwing net hits the hill giant.
The hill giant is too large for the net to hold!
The hill giant is severely wounded.
The hill giant hits you with a giant club!!
You die...

.#.##............###.####.#
...........#.....# #.# #.#
..........##.#.#.###.# #.#
##.##.......[........# #.#
#.####.####.#.#.##### #.# #.#
#.# #.....# #.#
#.####.######.### #.#
#.............##########.#
######........C@....(<)..####
###########............####
############..... ######


You could see a hill giant.

Vanquished Creatures
  Fannar (D:10)
  2 unseen horrors
  Pikel (D:6)
  A troll (D:10)
  Sigmund (D:4)
  The ghost of FooOfBar the Digger, an average GrEE (D:4)
  6 yaks (D:9)
  A hippogriff (D:7)
  A hungry ghost (D:7)
  A water moccasin (D:9)
  A necrophage (D:7)
  Purgy (D:3)
  3 orc warriors
  A black bear (D:9)
  2 phantoms
  An ice beast (D:9)
  4 centaurs
  A crocodile (D:8)
  4 big kobolds (D:3)
  Blork the orc (D:6)
  4 giant frogs
  A wight (D:9)
  11 killer bees
  3 crimson imps
  3 giant frog zombies
  A quasit (D:7)
  Crazy Yiuf (D:6)
  2 giant frog skeletons
  A hound (D:6)
  2 centaur skeletons
  2 orc priests
  Natasha (thrice) (D:2)
  4 iguanas
  7 orc wizards
  5 worker ants
  A hound zombie (D:5)
  A hound skeleton (D:7)
  A mummy (D:5)
  10 adders
  8 gnolls
  4 shadow imps
  An adder skeleton (D:7)
  An adder zombie (D:7)
  4 worms
  2 giant geckos
  29 orcs
  7 giant cockroaches
  9 goblins
  10 hobgoblins
  20 jackals
  4 quokkas
  8 bats
  A giant gecko skeleton (D:7)
  5 giant newts
  2 hobgoblin zombies (D:5)
  53 kobolds
  A kobold zombie (D:5)
  An orc zombie (D:5)
  13 rats
281 creatures vanquished.

Vanquished Creatures (others)
  A quasit (D:6)
  An orc wizard (D:7)
2 creatures vanquished.

Grand Total: 283 creatures vanquished

Notes
Turn   | Place    | Note
--------------------------------------------------------------
     0 | D:1      | Fluffy the Demonspawn Gladiator began the quest for the Orb.
     0 | D:1      | Reached XP level 1. HP: 16/16 MP: 1/1
   291 | D:1      | Gained mutation: You sometimes gain a little power by taking damage. [demonic ancestry]
   291 | D:1      | Reached XP level 2. HP: 9/22 MP: 2/2
   632 | D:1      | Reached skill level 3 in Long Blades
   792 | D:2      | Reached skill level 1 in Armour
   805 | D:2      | Reached XP level 3. HP: 8/28 MP: 3/3
  1407 | D:2      | Reached XP level 4. HP: 30/35 MP: 4/4
  1463 | D:2      | Found a bloodstained altar of Trog.
  1538 | D:2      | Noticed Natasha
  1546 | D:2      | Killed Natasha
  1554 | D:2      | Found a glowing golden altar of the Shining One.
  1840 | D:2      | Noticed Natasha
  1848 | D:2      | Killed Natasha
  2058 | D:2      | Noticed Natasha
  2062 | D:2      | Killed Natasha
  2133 | D:3      | Reached XP level 5. HP: 35/41 MP: 5/5
  2639 | D:3      | Noticed Purgy
  2653 | D:3      | Killed Purgy
  2653 | D:3      | Reached XP level 6. HP: 38/48 MP: 4/6
  2839 | D:3      | Reached skill level 4 in Long Blades
  2936 | D:3      | Noticed a big kobold
  3269 | D:3      | Noticed a big kobold
  3276 | D:3      | Killed a big kobold
  3351 | D:3      | Noticed a big kobold
  3360 | D:3      | Killed a big kobold
  3456 | D:3      | Noticed a big kobold
  3468 | D:3      | Killed a big kobold
  3468 | D:3      | Gained mutation: You are immune to rotting. [demonic ancestry]
  3468 | D:3      | Reached XP level 7. HP: 48/55 MP: 7/7
  3622 | D:3      | Killed a big kobold
  3855 | D:4      | Found a glowing silver altar of Zin.
  3866 | D:4      | Noticed FooOfBar's ghost (average GrEE)
  3874 | D:4      | Noticed Sigmund
  3878 | D:4      | Killed FooOfBar's ghost
  3879 | D:4      | Killed Sigmund
  3879 | D:4      | Reached skill level 5 in Fighting
  3879 | D:4      | Reached skill level 5 in Long Blades
  4085 | D:4      | Found a stormy altar of Qazlal.
  4162 | D:4      | Gained mutation: You have sharp fingernails. [demonic ancestry]
  4162 | D:4      | Reached XP level 8. HP: 62/62 MP: 8/8
  4723 | D:5      | Entered Level 5 of the Dungeon
  4723 | D:5      | Found Pouseo's Assorted Antiques.
  5000 | D:5      | Reached skill level 5 in Dodging
  5052 | D:5      | Found Lejokami's Jewellery Shoppe.
  5079 | D:5      | Got a ripped robe
  5100 | D:5      | Identified the +1 robe of Sapeyrust {+Fly rC++ Stlth+} (You found it on level 5 of the Dungeon)
  5399 | D:5      | Found Eraosk's Antique Armour Emporium.
  6006 | D:5      | Bought an embroidered cloak for 117 gold pieces
  6187 | D:6      | Noticed Blork the orc
  6202 | D:6      | Killed Blork the orc
  6361 | D:6      | Noticed Pikel
  6374 | D:6      | Killed Pikel
  6374 | D:6      | Reached skill level 6 in Fighting
  6374 | D:6      | Reached skill level 5 in Armour
  6429 | D:6      | Found a staircase to the Ecumenical Temple.
  6451 | Temple   | Entered the Ecumenical Temple
  6605 | Temple   | Became a worshipper of Makhleb the Destroyer
  6744 | D:6      | Reached skill level 1 in Invocations
  6752 | D:6      | Reached XP level 9. HP: 21/71 MP: 3/10
  7217 | D:6      | Noticed Crazy Yiuf
  7225 | D:6      | Killed Crazy Yiuf
  7669 | D:7      | Reached skill level 7 in Fighting
  7730 | D:7      | Found an opulent altar of Gozag.
  7731 | D:7      | Found a sparkling altar of Nemelex Xobeh.
  8029 | D:7      | You fall through a shaft for 2 floors!
  8033 | D:9      | Acquired Makhleb's first power
  8034 | D:9      | Found a deep blue altar of Sif Muna.
  8042 | D:9      | Found a snail-covered altar of Cheibriados.
  8296 | D:9      | Reached skill level 5 in Invocations
  8570 | D:7      | Gained mutation: You may emit foul miasma when damaged in melee. [demonic ancestry]
  8570 | D:7      | Reached XP level 10. HP: 40/80 MP: 8/14
  8777 | D:7      | Acquired Makhleb's second power
  9070 | D:7      | Found a white marble altar of Elyvilon.
  9181 | D:8      | Found a sacrificial altar of Ru.
  9294 | D:8      | Reached skill level 8 in Fighting
  9325 | D:8      | Identified the Compendium of Fetching Sinister Rites
  9474 | D:8      | Found a shimmering altar of Xom.
  9495 | D:8      | Found a basalt altar of Yredelemnul.
 10074 | D:9      | Found a staircase to the Orcish Mines.
 10134 | D:9      | Acquired Makhleb's third power
 10375 | D:9      | Noticed an unseen horror
 10388 | D:9      | Killed an unseen horror
 11016 | D:9      | Upgraded the game from 0.17-a0-1485-g22cb0ee to 0.17-a0-1504-gb7d9117
 11027 | D:10     | Entered Level 10 of the Dungeon
 11163 | D:10     | Found a staircase to the Lair.
 11191 | D:10     | Identified the Handbook of Captivating Battle Magic
 11354 | D:10     | Noticed an unseen horror
 11371 | D:10     | Killed an unseen horror
 11392 | D:10     | Noticed Fannar
 11394 | D:10     | Noticed a hill giant
 11691 | D:10     | Killed Fannar
 11691 | D:10     | Reached skill level 9 in Fighting
 11809 | D:10     | Mangled by a hill giant

Vault maps used:
D:1:      dpeg_arrival_concentric_ovals, minmay_statues_item
D:2:      bloody_trog, first_bread, tso_altar, uniq_natasha
D:3:      minmay_goblin_kobold_castle, uniq_purgy
D:4:      overflow_temple_1_default, lemuel_doored_altar, uniq_sigmund
D:5:      serial_shops, shop, shop, nicolae_shop_crystal, minmay_mini_ossuary
D:6:      temple_doors_c, uniq_crazy_yiuf_cottage, uniq_pikel,
          uniq_blork_the_orc
D:7:      grunt_temple_overflow_opulence, kennysheep_mini
D:8:      lemuel_round_altar, lemuel_crystal_altar,
          nicolae_overflow_crystal_walls
D:9:      boulder_indie, minitemple, orc_0_dummy
D:10:     uniq_fannar
Temple:   minmay_temple_curvy_8

Action                   |  1- 3 |  4- 6 |  7- 9 | 10-12 || total
-------------------------+-------+-------+-------+-------++-------
Melee: Short sword       |   103 |   240 |   400 |   362 ||  1105
       Long sword        |     2 |       |       |       ||     2
Throw: Throwing net      |       |     1 |       |     2 ||     3
Evoke: Wand              |       |       |     5 |     9 ||    14
  Use: Scroll            |       |       |    15 |     2 ||    17
  Eat: Chunk             |     1 |     7 |    17 |     9 ||    34
       Fruit             |       |       |       |     1 ||     1
